 Dungeon Crawl Stone Soup version 0.22-a0-619-ga0c6fd2 (webtiles) character file.

49 Amnesiac the Magician (level 3, 0/24 HPs)
             Began as a Mummy Earth Elementalist on July 14, 2018.
             Slain by an adder (2 damage)
             ... on level 5 of the Dungeon.
             The game lasted 00:01:41 (567 turns).

Amnesiac the Magician (Mummy Earth Elementalist)     Turns: 567, Time: 00:01:41

Health: 0/24       AC:  2    Str: 11    XL:     3   Next: 51%
Magic:  2/7        EV: 12    Int: 15    God:
Gold:   90         SH:  0    Dex: 12    Spells: 5/8 levels left

rFire    x . .     SeeInvis .   a - +0 hunting sling
rCold    + . .     Gourm    .   (no shield)
rNeg     + + +     Faith    .   c - +0 robe
rPois    ∞         Spirit   .   (no helmet)
rElec    .         Reflect  .   (no cloak)
rCorr    .         Harm     .   (no gloves)
MR       .....                  (no boots)
Stlth    ++........             (no amulet)
HPRegen  0.08/turn              (no ring)
MPRegen  0.10/turn              (no ring)

@: no status effects
A: no food or potions, fire vulnerability, cold resistance 1, negative energy
resistance 3, torment resistance, unbreathing
a: no special abilities


You were on level 5 of the Dungeon.
You were not hungry.

You visited 1 branch of the dungeon, and saw 5 of its levels.

You collected 90 gold pieces.

Inventory:

Hand Weapons
 a - a +0 hunting sling (weapon)
 h - a +0 dagger
Missiles
 b - 128 stones (quivered)
Armour
 c - a +0 robe (worn)
Jewellery
 g - an uncursed ring of protection from cold {unknown}
Scrolls
 d - a scroll of amnesia {!r, unknown}
 e - a scroll of identify {!r, unknown}
 f - a scroll of enchant weapon {!r, unknown}


   Skills:
 - Level 1.5 Dodging
 - Level 1.5 Stealth
 - Level 3.0 Spellcasting
 + Level 2.1 Transmutations
 - Level 3.0 Earth Magic


You had 5 spell levels left.
You knew the following spells:

 Your Spells              Type           Power        Failure   Level  Hunger
a - Sandblast             Erth           ##....       6%          1    N/A
b - Passwall              Tmut/Erth      #.......     11%         2    N/A

Your spell library contained the following spells:

 Spells                   Type           Power        Failure   Level  Hunger
 Stone Arrow              Conj/Erth      #.....       32%         3    N/A
 Lee's Rapid Deconstruct  Erth           ##........   85%         5    N/A
 Petrify                  Tmut/Erth      #.......     56%         4    N/A

Dungeon Overview and Level Annotations

Branches:
Dungeon (5/15)
 Temple: D:4-7

Altars:


Innate Abilities, Weirdness & Mutations

You do not eat or drink.
Your flesh is vulnerable to fire.
You are immune to poison.
Your flesh is cold resistant. (rC+)
You are immune to negative energy. (rN+++)
You are immune to unholy pain and torment.
You can survive without breathing.


Message History

The hound bites you but does no damage.
Casting: Sandblast (safe; 6% risk of failure)
Confirm with . or Enter, or press ? or * to list all spells.
Aiming: Sandblast (safe; 6% risk of failure)
Press: ? - help, Shift-Dir - straight line, f/p - hound
Aim: a hound (heavily wounded)
The blast of sand misses the hound.
b - 131 stones The hound bites you but does no damage.
Casting: Sandblast (safe; 6% risk of failure)
Confirm with . or Enter, or press ? or * to list all spells.
Aiming: Sandblast (safe; 6% risk of failure)
Press: ? - help, Shift-Dir - straight line, f/p - hound
Aim: a hound (heavily wounded)
The blast of sand misses the hound.
b - 130 stones The hound barely misses you.
The hound bites you.
Casting: Sandblast (safe; 6% risk of failure)
Confirm with . or Enter, or press ? or * to list all spells.
Aiming: Sandblast (safe; 6% risk of failure)
Press: ? - help, Shift-Dir - straight line, f/p - hound
Aim: a hound (heavily wounded)
The blast of sand hits the hound.
The hound is almost dead.
b - 129 stones The hound bites you.
Casting: Sandblast (safe; 6% risk of failure)
Confirm with . or Enter, or press ? or * to list all spells.
Aiming: Sandblast (safe; 6% risk of failure)
Press: ? - help, Shift-Dir - straight line, f/p - hound
Aim: a hound (almost dead)
The blast of sand hits the hound.
You kill the hound!
Your Transmutations skill increases to level 2!
You have reached level 3!
Your experience leads to an increase in your attributes!
Increase (S)trength, (I)ntelligence, or (D)exterity?
You feel clever.
b - 128 stones The adder closely misses you.
A centaur skeleton comes into view.
The adder barely misses you.
An iguana comes into view.
The adder bites you but does no damage.
The worker ant twitches its antennae in your direction.
The adder bites you. The adder bites you. The adder bites you.
The adder bites you.
* * * LOW HITPOINT WARNING * * *
There is a stone staircase leading down here.
The worker ant bites you!
* * * LOW HITPOINT WARNING * * *
The adder bites you.
* * * LOW HITPOINT WARNING * * *
The centaur zombie barely misses you.
You climb downwards.
You hear the hiss of flowing sand.
There is an entrance to an ossuary on this level.
Hurry and find it before the portal is buried!
There is a stone staircase leading up here.
The worker ant bites you.
* * * LOW HITPOINT WARNING * * *
The adder bites you.
You die...

... .# #..
.# ... .#
... .#
####.####.#
..........#
........<#
..#.##Sa#
#@.#
#........#
####.#####
#


You could see a worker ant and an adder.

Vanquished Creatures
  A hound (D:4)
  2 dart slugs (D:1)
  An orc (D:3)
  A ball python (D:1)
  A giant cockroach (D:1)
  A goblin (D:3)
  2 hobgoblins
  3 bats
  3 frilled lizards (D:1)
  A rat (D:3)
16 creatures vanquished.

Notes
Turn   | Place    | Note
-------+----------+-------------------------------------------
     0 | D:1      | Amnesiac the Mummy Earth Elementalist began the quest for the Orb.
     0 | D:1      | Reached XP level 1. HP: 13/13 MP: 4/4
   250 | D:1      | Reached XP level 2. HP: 16/19 MP: 5/5
   408 | D:2      | Learned a level 2 spell: Passwall
   502 | D:3      | Reached skill level 1 in Transmutations
   545 | D:4      | Reached XP level 3. HP: 18/24 MP: 0/7
   565 | D:5      | Entered Level 5 of the Dungeon
   567 | D:5      | Slain by an adder

Vault maps used:
D:1:      lightli_arrival_flooded_house, minmay_pentomino_p2
D:3:      old_standard_altar, grunt_ministairs_12, tso_altar
D:4:      ashenzari_conservatory_becter, lemuel_doored_altar,
          overflow_temple_1_default, gammafunk_ghost_stat_death, first_ration,
          minivault_23
D:5:      old_standard_altar, minmay_temple_entry_glass,
          nicolae_ossuary_entry_plus, grunt_ministairs_2, nrook_loot_triangle

Skill      XL: |  1  2 |
---------------+-------+-----
Spellcasting   | 3 |  3.0
Earth Magic    | 3 |  3.0
Transmutations | 2 |  2.1
Dodging        | |  1.5
Stealth        | |  1.5

Action                   || total
-------------------------++-------
 Fire: Hunting sling     ||    51
 Cast: Sandblast         ||     6
Armor: Robe              ||     9
Dodge: Dodged            ||    14

Table legend:
 A = Spawn XP
 B = Non-spawn XP
 C = Spawn XP percentage of total XP
 D = Spawn monster count
 E = Non-spawn monster count
 F = Spawn count percentage of total count
 G = Total turns spent on level
                    A         B        C        D         E        F      G
               +---------+---------+-------+---------+---------+-------+---------
         Total |       0 |      70 |   0.0 |       0 |      16 |   0.0 |   567
               +---------+---------+-------+---------+---------+-------+---------
           D:1 |       0 |      19 |   0.0 |       0 |      10 |   0.0 |   404
           D:2 |       0 |       1 |   0.0 |       0 |       1 |   0.0 |    58
           D:3 |       0 |       8 |   0.0 |       0 |       4 |   0.0 |    73
           D:4 |       0 |      42 |   0.0 |       0 |       1 |   0.0 |    30
               +---------+---------+-------+---------+---------+-------+---------
